 Dungeon Crawl Stone Soup version 0.22.0-16-gc6d26f6 (webtiles) character file.

3524 shmeve the Fighter (level 9, -6/83 HPs)
             Began as a Minotaur Berserker on Aug 18, 2018.
             Was an Elder of Trog.
             Mangled by a small abomination (11 damage)
             ... on level 1 of the Abyss.
             The game lasted 00:12:04 (4674 turns).

shmeve the Fighter (Minotaur Berserker)             Turns: 4674, Time: 00:12:05

Health: -6/83      AC: 19    Str: 30    XL:     9   Next: 81%
Magic:  8/8        EV:  8    Int:  4    God:    Trog [****..]
Gold:   194        SH:  0    Dex: 15    Spells: 8/8 levels left

rFire    . . .     SeeInvis .   x - +1 war axe
rCold    . . .     Gourm    .   (no shield)
rNeg     . . .     Faith    .   k - +0 crystal plate armour
rPois    .         Spirit   .   (helmet restricted)
rElec    .         Reflect  .   w - +0 cloak
rCorr    .         Harm     .   (no gloves)
MR       .....                  (no boots)
Stlth    ..........             (no amulet)
HPRegen  0.23/turn              B - +5 ring of dexterity
MPRegen  0.11/turn              y - +5 ring of strength

@: berserk cooldown, slowed, very slow
A: retaliatory headbutt, horns 2
a: Berserk, Trog's Hand, Brothers in Arms, Renounce Religion


You were on level 1 of the Abyss.
You worshipped Trog.
Trog was greatly pleased with you.
You were near starving.

You visited 2 branches of the dungeon, and saw 7 of its levels.
You visited the Abyss 1 time.

You collected 194 gold pieces.

Inventory:

Hand Weapons
 x - a +1 war axe (weapon)
Missiles
 g - 4 poisoned javelins (quivered)
 j - 5 javelins
Armour
 k - a +0 crystal plate armour (worn)
 w - a +0 cloak (worn)
Jewellery
 y - a +5 ring of strength (right hand)
 B - a +5 ring of dexterity (left hand)
Wands
 i - a wand of iceblast (10)
 r - a wand of digging (27)
Scrolls
 b - 3 scrolls of identify
 d - 2 scrolls of remove curse
 m - 4 scrolls of teleportation
 q - 2 scrolls of blinking
Potions
 e - 5 potions of haste {unknown}
 f - a potion of magic {unknown}
 h - a potion of lignification {unknown}
 l - 2 potions of agility {unknown}
 n - a potion of degeneration {unknown}
 o - a potion of berserk rage {unknown}
 p - 2 potions of heal wounds {unknown}
 s - 2 potions of mutation {unknown}
 v - a potion of might {unknown}
 z - a potion of brilliance {unknown}
 A - a potion of resistance {unknown}
Comestibles
 a - 7 chunks of flesh
 c - 10 rations


   Skills:
 * Level 9.3 Fighting
 * Level 9.3 Axes
 * Level 6.9 Throwing
 + Level 6.2 Armour
 + Level 5.7 Dodging


You had 8 spell levels left.
You didn't know any spells.
Your spell library was empty.

Dungeon Overview and Level Annotations

Branches:
Dungeon (6/15)             Temple (1/1) D:4

Altars:
Elyvilon
Fedhas
Trog


Innate Abilities, Weirdness & Mutations

You reflexively headbutt those who attack you in melee.
You have a pair of horns on your head.


Message History

You feel the effects of Trog's Hand fading.
You feel a strong urge to attack something.
There is a gateway leading deeper into the Abyss here.
You feel your anger nearly subside.
A small abomination comes into view.
You see here 27 gold pieces.
You now have 194 gold pieces (gained 27).
You are no longer berserk.
You are exhausted.
You feel yourself slow down. The small abomination hits you!
* * * LOW HITPOINT WARNING * * *
The small abomination hits you!
* * * LOW HITPOINT WARNING * * *
You hit the small abomination. You headbutt the small abomination.
The small abomination is lightly damaged.
Your skin stops crawling.
You feel less resistant to hostile enchantments.
The small abomination hits you!
You die...

######
#..≈.#
##@>##
##x#
....
##.##.#
#.# #
.≈. #.#
#.#


You could see a small abomination.

Vanquished Creatures
  A thrashing horror (Abyss:1)
  A raiju (Abyss:1)
  A large abomination (Abyss:1)
  Sigmund (D:2)
  5 starcursed masses (Abyss:1)
  A wyvern (D:6)
  A sky beast (D:5)
  A black bear (D:6)
  2 big kobolds (D:4)
  A bullfrog (D:6)
  A gnoll sergeant (D:5)
  A scorpion (D:4)
  A crimson imp (D:6)
  A jelly (D:6)
  Crazy Yiuf (D:2)
  7 orc priests
  Jessica (D:3)
  An iguana (D:6)
  11 orc wizards
  5 worker ants
  A hound skeleton (D:4)
  9 gnolls
  2 howler monkey skeletons (D:4)
  10 adders
  3 oozes
  A worm (D:3)
  4 leopard geckos
  29 orcs
  10 giant cockroaches
  7 goblins
  11 hobgoblins
  10 jackals
  5 quokkas
  A ball python (D:5)
  8 bats
  7 frilled lizards
  18 kobolds
  9 rats
190 creatures vanquished.

Notes
Turn   | Place    | Note
-------+----------+-------------------------------------------
     0 | D:1      | shmeve the Minotaur Berserker began the quest for the Orb.
     0 | D:1      | Reached XP level 1. HP: 19/19 MP: 0/0
   271 | D:1      | Reached XP level 2. HP: 27/27 MP: 1/1
   426 | D:1      | Reached skill level 1 in Throwing
   484 | D:1      | Reached XP level 3. HP: 31/33 MP: 2/2
   488 | D:1      | Reached ** piety under Trog
  1179 | D:2      | Noticed Sigmund
  1189 | D:2      | Killed Sigmund
  1189 | D:2      | Reached skill level 5 in Fighting
  1189 | D:2      | Reached skill level 5 in Axes
  1189 | D:2      | Reached XP level 4. HP: 42/42 MP: 3/3
  1189 | D:2      | Reached XP level 5. HP: 48/48 MP: 4/4
  1341 | D:2      | Found a bloodstained altar of Trog.
  1431 | D:2      | Found a runed door.
  1435 | D:2      | Noticed Crazy Yiuf
  1446 | D:2      | Killed Crazy Yiuf
  1740 | D:3      | Noticed Jessica
  1769 | D:3      | Killed Jessica
  1769 | D:3      | Reached XP level 6. HP: 20/56 MP: 5/5
  2238 | D:3      | Found a white marble altar of Elyvilon.
  2354 | D:3      | Reached *** piety under Trog
  2830 | D:4      | Found a blossoming altar of Fedhas.
  2831 | D:4      | Reached XP level 7. HP: 56/62 MP: 6/6
  2930 | D:4      | Got a brightly glowing ring mail
  2970 | D:4      | Identified the +10 ring mail of Virtue {*Contam Str+5} (You found it on level 4 of the Dungeon)
  3050 | D:4      | Received a gift from Trog
  3186 | D:4      | Found a staircase to the Ecumenical Temple.
  3195 | Temple   | Entered the Ecumenical Temple
  3319 | D:5      | Entered Level 5 of the Dungeon
  3348 | D:5      | Reached **** piety under Trog
  3348 | D:5      | Received a gift from Trog
  3355 | D:5      | Reached XP level 8. HP: 71/71 MP: 7/7
  4181 | D:5      | Got a translucent leather armour
  4182 | D:5      | Identified the +4 leather armour of Sovereignty {*Drain +Inv rElec SInv} (You found it on level 5 of the Dungeon)
  4383 | D:6      | Reached skill level 5 in Throwing
  4441 | D:6      | Reached skill level 5 in Armour
  4643 | D:6      | Cast into level 1 of the Abyss (gnoll)
  4644 | Abyss:1  | Noticed a thrashing horror
  4644 | Abyss:1  | Noticed a starcursed mass
  4646 | Abyss:1  | Noticed a raiju
  4647 | Abyss:1  | Killed a thrashing horror
  4647 | Abyss:1  | Reached skill level 5 in Dodging
  4647 | Abyss:1  | Reached XP level 9. HP: 77/82 MP: 8/8
  4657 | Abyss:1  | Killed a starcursed mass
  4658 | Abyss:1  | Killed a starcursed mass
  4661 | Abyss:1  | Killed a starcursed mass
  4664 | Abyss:1  | Killed a starcursed mass
  4673 | Abyss:1  | HP: 4/83 [small abomination (10)]
  4674 | Abyss:1  | Mangled by a small abomination

Skill      XL: |  1  2  3  4  5  6  7  8  9 |
---------------+----------------------------+-----
Axes           | 4 5 6 8 9 |  9.3
Throwing       | 1 2 3 4 6 |  6.9
Fighting       | 4 5 6 8 9 |  9.3
Armour         | 3 4 5 6 |  6.2
Dodging        | 3 4 5 |  5.7

Action                   |  1- 3 |  4- 6 |  7- 9 || total
-------------------------+-------+-------+-------++-------
Melee: Hand axe          |    99 |    44 |       ||   143
       Headbutt          |    15 |    24 |    55 ||    94
       War axe           |       |    91 |   178 ||   269
Throw: Stone             |     7 |     3 |       ||    10
       Tomahawk          |       |     2 |       ||     2
       Javelin           |       |       |     2 ||     2
Invok: Berserk           |     1 |     1 |     2 ||     4
       Trog's Hand       |       |     1 |     1 ||     2
  Use: Scroll            |       |       |    10 ||    10
 Stab: Sleeping          |     1 |       |       ||     1
  Eat: Chunk             |     1 |     8 |     6 ||    15
Armor: Crystal plate arm |    61 |   123 |   154 ||   338
       Animal skin       |     7 |       |       ||     7
Dodge: Dodged            |    39 |    38 |    46 ||   123
